[Event "Live Chess"]
[Site "Chess.com"]
[Date "2023.05.20"]
[Round "-"]
[White "JohanKjeldahl"]
[Black "gmnorfolk"]
[Result "1/2-1/2"]
[WhiteElo "1864"]
[BlackElo "2131"]
[TimeControl "300"]
[EndTime "15:53:53 PDT"]
[Termination "Game drawn - insufficient material"]

1. c4 e5 2. Nc3 Nf6 3. Nf3 Nc6 4. e3 Bb4 5. Qc2 Bxc3 6. bxc3 O-O 7. d4 d6 8. Be2 Qe7 9. O-O Bd7 10. Ba3 Rfe8 11.
Rab1 b6 12. d5 Na5 13. e4 h6 14. h3 g5 15. Ne1 Kg7 16. Nd3 Nxc4 17. Bc1 Nxe4 18.
Nb4 Bf5 19. Bxc4 Ng3 20. Bd3 Bxd3 21. Qxd3 Nxf1 22. Kxf1 f5 23. Bb2 e4 24. c4+ Kg6 25.
Qe2 f4 26. Nc6 Qf7 27. Nd4 Re7 28. Ne6 Rxe6 29. dxe6 Qxe6 30. Re1 Re8 31. Qc2 c6 32.
f3 d5 33. cxd5 cxd5 34. fxe4 dxe4 35. Qc3 Rc8 36. Qg7+ Kh5 37. Qh7 e3 38. Qd3 Qc4 39. Qe2+ Kg6 40. Rc1 Qxe2+ 41. Kxe2 Rxc1 42. Bxc1 Kf5 43. Kf3 h5 44. g4+ fxg3 45. Bxe3 g4+ 46. hxg4+ hxg4+ 47. Kxg3 Ke4 48. Bf2 Kd3 49. Kxg4 Kc2 50. Kf5 Kb2 51.
Ke6 Kxa2 52. Kd5 b5 53. Bxa7 b4 54. Bd4 b3 55. Kc4 b2 56. Bxb2 1/2-1/2

[Event "Live Chess"]
[Site "Chess.com"]
[Date "2023.05.20"]
[Round "-"]
[White "WelshTiger"]
[Black "Man-Del-Brot"]
[Result "1-0"]
[WhiteElo "2374"]
[BlackElo "1067"]
[TimeControl "300"]
[EndTime "15:53:54 PDT"]
[Termination "WelshTiger won by checkmate"]

1. e4 e5 2. Nf3 Nc6 3. Bb5 Nge7 4. c3 a6 5. Ba4 b5 6. Bc2 d6 7. d4 Ng6 8. h3 Be7 9. a4 Bb7 10. d5 Nb8 11. Qe2 bxa4 12. Bxa4+ Nd7 13. Na3 O-O 14.
Nc4 Nb6 15. Nxb6 cxb6 16. Be3 b5 17. Bc2 Nf4 18. Bxf4 exf4 19. Nd4 Bf6 20. O-O Re8 21. Qd3 Be5 22. Nf3 Bf6 23. e5 dxe5 24. Qxh7+ Kf8 25. Be4 Qd6 26. Rfd1 Rac8 27. Qf5 Rc4 28. Bd3 Bc8 29. Qh5 Rc7 30. Be4 Rc4 31. Bd3 Rc7 32. Ng5 Bxg5 33. Qxg5 Qe7 34. Qh5 Rd8 35. Qh8# 1-0

[Event "Live Chess"]
[Site "Chess.com"]
[Date "2023.05.20"]
[Round "-"]
[White "JoeyCage"]
[Black "jagbama"]
[Result "1-0"]
[WhiteElo "2320"]
[BlackElo "1145"]
[TimeControl "300"]
[EndTime "15:53:55 PDT"]
[Termination "JoeyCage won by checkmate"]

1. e4 e5 2. Nf3 Nc6 3. Bb5 Bc5 4. O-O d6 5. c3 Bd7 6. d4 exd4 7. cxd4 Bb6 8. Nc3 a6 9. Ba4 Nge7 10. Bg5 h6 11. Bh4 g5 12. Bg3 Ng6 13. d5 Nce5 14. Nxe5 Nxe5 15. Bxe5 dxe5 16. Qf3 Bd4 17. Bxd7+ Qxd7 18. Qf6 Rh7 19. Ne2 Qe7 20. Qf5 f6 21. Nxd4 exd4 22. Rfd1 c5 23. dxc6 bxc6 24. Rxd4 Rd8 25. Rxd8+ Kxd8 26. Rd1+ Ke8 27. Qc8+ Kf7 28. Rd7 Kg6 29. Rxe7 Rxe7 30.
Qxc6 Kh5 31. f3 f5 32. exf5 g4 33. Qg6+ Kh4 34. Qxg4# 1-0

[Event "Live Chess"]
[Site "Chess.com"]
[Date "2023.05.20"]
[Round "-"]
[White "hturner40"]
[Black "mikkyb4"]
[Result "0-1"]
[WhiteElo "1792"]
[BlackElo "1033"]
[TimeControl "300"]
[EndTime "15:53:56 PDT"]
[Termination "mikkyb4 won on time"]

1. Nf3 g6 2. d4 Bg7 3. e4 d6 4. Nc3 a6 5. Bc4 b5 6. Bb3 e6 7. a3 Bb7 8. O-O Nd7 9. Ng5 Qe7 10. f4 c5 11. f5 cxd4 12. fxe6 fxe6 13. Rf7 Qd8 14.
Rxg7 dxc3 15. Bxe6 Qb6+ 16. Kh1 Ngf6 17. Bxd7+ Nxd7 18. Qg4 O-O-O 19. b4 Rhf8 20. Bf4 Qf2 21. Nh3 Qxc2 22. Bxd6 Qb2 23. Rg1 c2 24. Bf4 Qxg7 25. Rc1 Qc3 26. Qe2 Nb6 27. Rxc2 Qxc2 28. Qxc2+ Nc4 0-1

[Event "Live Chess"]
[Site "Chess.com"]
[Date "2023.05.20"]
[Round "-"]
[White "jimwad"]
[Black "wadsy27"]
[Result "0-1"]
[WhiteElo "1221"]
[BlackElo "2564"]
[TimeControl "300"]
[EndTime "15:54:22 PDT"]
[Termination "wadsy27 won by checkmate"]

1. d4 d5 2. c4 c6 3. Nc3 Nf6 4.
Bf4 dxc4 5. e3 b5 6. Nf3 e6 7. Be2 Bb7 8. Ne5 Nbd7 9. Nxd7 Qxd7 10. O-O Bd6 11. Bg5 h6 12. Bxf6 gxf6 13. b3 cxb3 14. axb3 f5 15. g3 a6 16. Bf3 h5 17. Bg2 h4 18. gxh4 O-O-O 19. h5 Bc7 20. b4 Qd6 21.
Rb1 Qxh2# 0-1

[Event "Live Chess"]
[Site "Chess.com"]
[Date "2023.05.20"]
[Round "-"]
[White "fretle"]
[Black "IgorSchukin"]
[Result "1/2-1/2"]
[WhiteElo "1812"]
[BlackElo "1742"]
[TimeControl "300"]
[EndTime "15:54:41 PDT"]
[Termination "Game drawn - insufficient material"]

1. h4 d5 2. h5 e5 3. e3 c5 4. b3 Nc6 5. Bb2 Nf6 6. Be2 d4 7. d3 dxe3 8. fxe3 Nd5 9. Qd2 Qg5 10. Nf3 Qxe3 11. Nxe5 Qg3+ 12. Kd1 Nxe5 13. Rh3 Qxg2 14. Bxe5 Qxh3 15. c4 Ne3+ 16. Kc1 Qh1+ 17. Kb2 Nf5 18. Nc3 Qc6 19. Nb5 Bd6 20. Qf4 O-O 21. Nxd6 Nxd6 22. Bxd6 Re8 23. Bf3 Qd7 24. Rg1 Qf5 25. Qg3 g6 26. hxg6 hxg6 27. Be4 Rxe4 28. dxe4 Qxe4 29. Rg2 Bf5 30. Rh2 Qd4+ 31. Ka3 b5 32. cxb5 Qb4+ 33. Kb2 Qd4+ 34. Ka3 a6 35. b6 Qb4+ 36. Kb2 Qd4+ 37. Ka3 Re8 38. b7 Qb4+ 39. Kb2 Qxb7 40. Be5 Rxe5 41. Qxe5 f6 42. Qxf6 Qg7 43. Qxg7+ Kxg7 44. Rf2 Kf6 45. Kc3 Ke5 46. Kc4 g5 47. Kxc5 g4 48.
Kb6 g3 49. Rg2 Kf4 50. Rg1 Bd3 51. b4 Kf3 52. a4 Kf2 53. Rxg3 Kxg3 54. b5 axb5 55.
axb5 Bxb5 1/2-1/2

[Event "Live Chess"]
[Site "Chess.com"]
[Date "2023.05.20"]
[Round "-"]
[White "weibs440"]
[Black "LiamClery2020"]
[Result "0-1"]
[WhiteElo "951"]
[BlackElo "2062"]
[TimeControl "300"]
[EndTime "15:54:53 PDT"]
[Termination "LiamClery2020 won by resignation"]

1. e4 Nf6 2. Nc3 e5 3. f4 d5 4.
fxe5 Nxe4 5. Qf3 Nc6 6. Nxe4 Nd4 7. Qd1 dxe4 8. c3 Nc6 9. Bc4 Nxe5 10. Bb3 Nd3+ 11. Ke2 Bg4+ 12. Nf3 exf3+ 13. gxf3 Nf4+ 14.
Kf2 Qh4+ 15. Kf1 Bh3+ 16. Kg1 Qg5+ 0-1

[Event "Live Chess"]
[Site "Chess.com"]
[Date "2023.05.20"]
[Round "-"]
[White "domrobson"]
[Black "blowerd"]
[Result "1-0"]
[WhiteElo "1776"]
[BlackElo "1388"]
[TimeControl "300"]
[EndTime "15:54:54 PDT"]
[Termination "domrobson won by checkmate"]

1. d4 d5 2. c4 e6 3. Nf3 Nf6 4. Nc3 Nbd7 5. cxd5 exd5 6. Bg5 b6 7. e3 Be7 8. Bd3 O-O 9. O-O Re8 10. Re1 Bb7 11.
Rc1 Rc8 12. Bb1 c5 13. Ne5 cxd4 14. exd4 Nxe5 15. dxe5 Nd7 16. Bxe7 Rxe7 17. Nxd5 Bxd5 18. Qxd5 Rxc1 19. Rxc1 Rxe5 20. Qd3 Qe8 21. Qxh7+ Kf8 22. Qh8+ Ke7 23. Qxe8+ Kxe8 24. Kf1 Nf6 25. Re1 Rxe1+ 26. Kxe1 Ke7 27. Bf5 Nd5 28. a3 f6 29. g3 Kd6 30.
Kd2 Ke5 31. Bb1 Nc7 32. h4 Nb5 33. Kd3 Nd4 34. f4+ Kd5 35. Ba2+ Kc5 36. Ke4 Nb5 37.
g4 Kd6 38. Kf5 Ke7 39. Kg6 Kf8 40. g5 fxg5 41. fxg5 Nd4 42. h5 Ne2 43. h6 gxh6 44.
Kxh6 Nc1 45. Bc4 b5 46. Bxb5 Kg8 47. Bc4+ Kf8 48. g6 a5 49. g7+ Ke7 50. g8=Q Kd7 51. Qe6+ Kc7 52. Bb5 Kb7 53. Qc6+ Ka7 54. Qc7+ Ka8 55.
Bc6# 1-0

[Event "Live Chess"]
[Site "Chess.com"]
[Date "2023.05.20"]
[Round "-"]
[White "Missedidea"]
[Black "LiamBellwood"]
[Result "1-0"]
[WhiteElo "1809"]
[BlackElo "2064"]
[TimeControl "300"]
[EndTime "15:55:03 PDT"]
[Termination "Missedidea won by resignation"]

1. d4 e6 2. c4 f5 3. Nc3 Nf6 4. g3 Be7 5. Bg2 O-O 6. Nh3 d6 7. O-O Qe8 8. e4 e5 9. dxe5 dxe5 10. exf5 Bxf5 11. Ng5 c6 12. Re1 Bc5 13. Be3 Bb4 14.
Qb3 Bxc3 15. Qxc3 h6 16. Nf3 e4 17. Bc5 Rf7 18. Ne5 Rc7 19. Bd6 Rc8 20. c5 Nbd7 21. Nd3 Nd5 22. Qb3 Qf7 23. Nb4 N7f6 24. Nxd5 cxd5 25.
Rac1 Qh5 26. Be7 Bg4 27. Bxf6 gxf6 28. Rxe4 Kf8 29. Rf4 Kg7 30. Qxd5 Qxd5 31. Bxd5 Bh3 32. Bxb7 Rd8 33. c6 1-0

[Event "Live Chess"]
[Site "Chess.com"]
[Date "2023.05.20"]
[Round "-"]
[White "Delacorta"]
[Black "KeithArkell"]
[Result "0-1"]
[WhiteElo "1429"]
[BlackElo "2608"]
[TimeControl "300"]
[EndTime "15:55:21 PDT"]
[Termination "KeithArkell won by resignation"]

1. d4 c5 2. Nf3 cxd4 3. Nxd4 Nc6 4. Nxc6 bxc6 5. e4 d6 6. Nd2 Nf6 7. b3 g6 8. Bb2 Bg7 9. Be2 Nh5 10. Bxg7 Nxg7 11. O-O Ne6 12. Nf3 O-O 13. Nd4 Nxd4 14. Qxd4 Qb6 15. Qxb6 axb6 16. c4 c5 17. Rfd1 Ra3 18.
h3 Bb7 19. Bf3 Rfa8 20. e5 Bxf3 21. gxf3 dxe5 22. Rd7 e6 23. Rb7 Rxb3 24. axb3 Rxa1+ 25. Kg2 Ra6 26. Kg3 Kg7 27. f4 exf4+ 28. Kxf4 Kf6 29. Ke4 g5 30. f4 gxf4 31. Kxf4 h5 32. h4 Ra1 33. Rxb6 Rg1 34. Rc6 Rg4+ 35. Kf3 Rxh4 36. Rxc5 Rh3+ 37. Kg2 Rxb3 38. Rc8 h4 39. Rh8 h3+ 40.
Rxh3 Rxh3 41. Kxh3 Ke5 0-1

[Event "Live Chess"]
[Site "Chess.com"]
[Date "2023.05.20"]
[Round "-"]
[White "fso"]
[Black "Shepherds_Pie"]
[Result "1-0"]
[WhiteElo "2230"]
[BlackElo "1919"]
[TimeControl "300"]
[EndTime "15:55:31 PDT"]
[Termination "fso won by resignation"]

1. d4 d5 2. c4 e6 3. Nc3 c5 4. e4 cxd4 5. Qxd4 Nc6 6. Qd1 Nf6 7. exd5 exd5 8. cxd5 Nb4 9. Bb5+ Bd7 10. Bxd7+ Qxd7 11. Nf3 Be7 12. O-O O-O 13. Re1 Bd6 14. Qb3 Nd3 15. Rd1 Qf5 16. Nb5 Nxc1 17. Raxc1 Bf4 18. Rc4 a6 19. Nc3 b5 20. Rcd4 Rfe8 21. d6 Rad8 22. Nd5 Nxd5 23. Rxd5 Qe6 24. g3 Bh6 25. Re1 Qd7 26.
Rxe8+ Rxe8 27. Ne5 Qf5 28. d7 Qb1+ 29. Rd1 1-0

[Event "Live Chess"]
[Site "Chess.com"]
[Date "2023.05.20"]
[Round "-"]
[White "wot-not"]
[Black "Olisingapore"]
[Result "0-1"]
[WhiteElo "1531"]
[BlackElo "1848"]
[TimeControl "300"]
[EndTime "15:55:32 PDT"]
[Termination "Olisingapore won by checkmate"]

1. d4 Nf6 2. c4 e6 3. Nc3 Bb4 4.
Qc2 c5 5. a3 Bxc3+ 6. bxc3 O-O 7.
e4 d6 8. Bg5 Nbd7 9. Nf3 h6 10.
Bh4 Qa5 11. d5 exd5 12. exd5 Nh5 13. Be2 Nf4 14. O-O Nxe2+ 15. Qxe2 Qxc3 16. Rfc1 Qa5 17. Qb2 Ne5 18. Nxe5 dxe5 19. Qxe5 f6 20. Qg3 Bd7 21. Re1 Rae8 22. Reb1 Bf5 23. Rxb7 Re1+ 24. Rxe1 Qxe1# 0-1

[Event "Live Chess"]
[Site "Chess.com"]
[Date "2023.05.20"]
[Round "-"]
[White "Singapourfeuj"]
[Black "Cimon"]
[Result "0-1"]
[WhiteElo "2189"]
[BlackElo "1860"]
[TimeControl "300"]
[EndTime "15:55:40 PDT"]
[Termination "Cimon won by resignation"]

1. d4 Nf6 2. c4 g6 3. Nc3 Bg7 4. e4 d6 5. Be2 O-O 6. Nf3 e5 7.
d5 Nbd7 8. h3 h6 9. Be3 Ne8 10. g4 b6 11. Qc2 a5 12. O-O-O Nc5 13.
Rdg1 Bd7 14. h4 a4 15. Kb1 a3 16. b3 c6 17. dxc6 Bxc6 18. Nd5 Bxd5 19. cxd5 Rc8 20. Qd2 Nxe4 21. Qd3 Nc3+ 22. Ka1 e4 0-1

[Event "Live Chess"]
[Site "Chess.com"]
[Date "2023.05.20"]
[Round "-"]
[White "HoarseyHorsey"]
[Black "stevochess11"]
[Result "0-1"]
[WhiteElo "1427"]
[BlackElo "1741"]
[TimeControl "300"]
[EndTime "15:55:41 PDT"]
[Termination "stevochess11 won by checkmate"]

1. d4 Nf6 2. c4 c5 3. d5 b5 4.
cxb5 a6 5. e3 e6 6. Nc3 Nxd5 7.
Nxd5 exd5 8. Qxd5 Ra7 9. Nf3 axb5 10. Bxb5 Bb7 11. Qd1 Qa5+ 12. Bd2 Qxb5 13. Bc3 Bxf3 14. Qxf3 Nc6 15. O-O-O Be7 16. Bxg7 Rg8 17. Bc3 Rxa2 18. Kd2 Nb4 19. Ra1 Qd3+ 20. Ke1 Nc2# 0-1

[Event "Live Chess"]
[Site "Chess.com"]
[Date "2023.05.20"]
[Round "-"]
[White "birdseed45"]
[Black "sanjesh_ananda"]
[Result "1-0"]
[WhiteElo "1864"]
[BlackElo "1081"]
[TimeControl "300"]
[EndTime "15:55:43 PDT"]
[Termination "birdseed45 won on time"]

1. e4 e5 2. Nf3 Nc6 3. Bb5 Nf6 4. O-O a6 5. Ba4 b5 6. Bb3 Bc5 7. h3 O-O 8. Re1 d6 9. c3 Nh5 10. d4 exd4 11. cxd4 Bb6 12. d5 Ne7 13. Ng5 Nf6 14. Nc3 Ng6 15. Be3 Ba5 16. Bd4 h6 17. Nf3 Nh5 18. e5 Nhf4 19. exd6 cxd6 20. a3 Bf5 21.
Bc2 Qc8 22. b4 Bxh3 23. bxa5 Bxg2 24. Bxg6 fxg6 25. Nh2 1-0

[Event "Live Chess"]
[Site "Chess.com"]
[Date "2023.05.20"]
[Round "-"]
[White "Doge_Dandolo"]
[Black "jk0110"]
[Result "1-0"]
[WhiteElo "2028"]
[BlackElo "1116"]
[TimeControl "300"]
[EndTime "15:55:46 PDT"]
[Termination "Doge_Dandolo won on time"]

1. Nf3 Nc6 2. e4 e5 3. Bc4 f5 4.
Nc3 fxe4 5. Ng1 d5 6. Bb5 Nf6 7. d3 exd3 8. Qxd3 e4 9. Qe2 Bc5 10. Bg5 O-O 11. O-O-O Nd4 12. Qf1 c6 13. Ba4 Bg4 14.
f3 exf3 15. gxf3 Bh5 16. Qh3 Bg6 17. Nge2 Qe8 18. Nxd4 Bxd4 19. Rxd4 h6 20. Bxf6 Rxf6 21. Rg4 Qe3+ 22. Kb1 Rxf3 23. Qg2 Rf2 24. Qg3 Qxg3 25.
Rxg3 Raf8 26. a3 b5 27. Rxg6 bxa4 28. Rxc6 Rf1+ 29. Ka2 Rxh1 30. Nxd5 Rxh2 31. Nb4 a5 32. Na6 Rf1 33. Rc4 Rhh1 34. Rxa4 Ra1+ 35. Kb3 Rh3+ 36. c3 Rb1 37. Nc5 Rh2 38. Nd3 1-0

[Event "Live Chess"]
[Site "Chess.com"]
[Date "2023.05.20"]
[Round "-"]
[White "JoshMcK"]
[Black "mikkyb4"]
[Result "1-0"]
[WhiteElo "1519"]
[BlackElo "1031"]
[TimeControl "300"]
[EndTime "15:55:56 PDT"]
[Termination "JoshMcK won by resignation"]

1. e4 g6 2. d4 Bg7 3. Nf3 d6 4. Nc3 a6 5. a4 b6 6. Bc4 e6 7.
O-O Bb7 8. d5 e5 9. Ng5 Qd7 10.
Qf3 f6 11. Ne6 Ne7 12. Nxg7+ Kf7 13. Ne6 1-0

[Event "Live Chess"]
[Site "Chess.com"]
[Date "2023.05.20"]
[Round "-"]
[White "AbilifyXL"]
[Black "Tushinskiy"]
[Result "0-1"]
[WhiteElo "1966"]
[BlackElo "2183"]
[TimeControl "300"]
[EndTime "15:56:01 PDT"]
[Termination "Tushinskiy won by resignation"]

1. d4 d5 2. c4 c6 3. Nc3 e6 4. cxd5 exd5 5. Nf3 Nf6 6. Bg5 Be7 7. e3 Bg4 8. Be2 Nbd7 9. O-O O-O 10. Qc2 Re8 11.
h3 Bh5 12. Rab1 Bg6 13. Bd3 Ne4 14.
Bf4 Bf6 15. Rfc1 Rc8 16. b4 Nb6 17. Nd2 Nxd2 18. Qxd2 Nc4 19. Qe2 Bxd4 20. Bxc4 Bxb1 21. Nxb1 dxc4 22. Qxc4 Bb6 23. Nc3 Qe7 24. Na4 Rcd8 25. Nxb6 axb6 26. a4 h6 27. a5 bxa5 28. bxa5 Ra8 29.
Ra1 Ra6 30. Qb3 Rea8 31. Rb1 R8a7 32. Bb8 Ra8 33. Bf4 Rxa5 34. Qxb7 Qf6 35. Kh2 R5a7 36.
Qb3 Ra6 37. Rd1 Qe6 38. Qc3 Ra3 39. Qc5 R3a5 40. Qc3 Rd5 41. Rc1 Rc8 42. Bg3 Qd7 43.
e4 Rd3 44. Qc4 c5 45. f4 Rd4 46. Qc2 c4 47. e5 c3 48. Re1 Rd2 49. Qc1 Qd5 50.
Rg1 c2 0-1

[Event "Live Chess"]
[Site "Chess.com"]
[Date "2023.05.20"]
[Round "-"]
[White "LL220284LL"]
[Black "FlyingChessKestrel13"]
[Result "1-0"]
[WhiteElo "2388"]
[BlackElo "2098"]
[TimeControl "300"]
[EndTime "15:56:02 PDT"]
[Termination "LL220284LL won by resignation"]

1. Nf3 c6 2. c4 d5 3. e3 Nf6 4. Be2 a6 5. b3 e6 6. O-O Be7 7. Bb2 O-O 8. d4 Ne4 9. Nbd2 f5 10. Ne5 Bf6 11. f3 Nxd2 12. Qxd2 Bxe5 13. dxe5 b5 14. cxb5 axb5 15. a4 bxa4 16. bxa4 Bd7 17. Ba3 Rf7 18. Bd6 c5 19. Bxc5 Rxa4 20. Rab1 Nc6 21. Bb5 Ra8 22. Bd6 Be8 23. Rfc1 Na5 24. Bd3 Rc8 25. Rxc8 Qxc8 26. Qxa5 1-0

[Event "Live Chess"]
[Site "Chess.com"]
[Date "2023.05.20"]
[Round "-"]
[White "f4nomore"]
[Black "LutherSullivan"]
[Result "0-1"]
[WhiteElo "1425"]
[BlackElo "2052"]
[TimeControl "300"]
[EndTime "15:56:04 PDT"]
[Termination "LutherSullivan won by resignation"]

1. d4 Nf6 2. Bg5 Ne4 3. Bh4 c5 4. f3 g5 5. fxe4 gxh4 6. Nf3 Bg7 7. e3 Nc6 8. d5 Bxb2 9. dxc6 Bxa1 10. Na3 Qa5+ 11.
Kf2 Qxa3 12. Qxa1 f6 13. e5 Rf8 14. Bd3 bxc6 15. Bxh7 Ba6 16. Bg6+ Kd8 17. Rd1 Kc7 18. Rd3 Bxd3 19. Bxd3 Rab8 20. Nd2 fxe5+ 21. Ke2 Qb2 22. Qd1 d6 23. Nc4 Qxa2 24. e4 Qb1 25. Qd2 Qf1+ 26. Ke3 Qg1+ 27. Ke2 Rf2+ 0-1

[Event "Live Chess"]
[Site "Chess.com"]
[Date "2023.05.20"]
[Round "-"]
[White "Ed_Knox"]
[Black "Doctor_XTO"]
[Result "1-0"]
[WhiteElo "1441"]
[BlackElo "130"]
[TimeControl "300"]
[EndTime "15:56:18 PDT"]
[Termination "Ed_Knox won by checkmate"]

1. d4 d5 2. Bf4 e6 3. e3 f5 4. Nf3 g6 5. Be5 Nf6 6. Nbd2 Nc6 7. Nb3 Nxe5 8. Nxe5 Ne4 9. f3 Ng5 10. h4 Nf7 11. Nxf7 Kxf7 12. Qe2 b6 13. O-O-O c5 14. dxc5 bxc5 15. e4 fxe4 16. fxe4 dxe4 17. Rxd8 Bg7 18. Qf2+ Ke7 19. Rxh8 Bxh8 20. Qxc5+ Kd8 21. Qd6+ Bd7 22. Bb5 Rb8 23. Qxd7# 1-0

[Event "Live Chess"]
[Site "Chess.com"]
[Date "2023.05.20"]
[Round "-"]
[White "nigelst"]
[Black "WilliamofOrange16th"]
[Result "1/2-1/2"]
[WhiteElo "1804"]
[BlackElo "1845"]
[TimeControl "300"]
[EndTime "15:56:22 PDT"]
[Termination "Game drawn by stalemate"]

1. e4 d6 2. d4 Nf6 3. Nc3 Nbd7 4.
f4 e5 5. dxe5 dxe5 6. Nf3 Bd6 7.
Bc4 O-O 8. f5 c6 9. O-O Bc5+ 10.
Kh1 b5 11. Bb3 Qc7 12. Qe2 a5 13. a4 b4 14. Nd1 Be7 15. Nf2 Nc5 16. Bc4 Ba6 17. b3 Bxc4 18. Qxc4 Rad8 19. Be3 Nb7 20. Rad1 Nd6 21. Qe2 Ndxe4 22. Nxe4 Nxe4 23. Bg1 Nc3 24. Qxe5 Qxe5 25. Nxe5 Nxd1 26. Nxc6 Rd7 27. Nxe7+ Rxe7 28. Rxd1 Rfe8 29. h3 Re2 30. Bb6 R2e5 31. g4 Re1+ 32. Rxe1 Rxe1+ 33. Kg2 Re5 34. Kf3 Kf8 35. Kf4 f6 36.
Bd4 Rd5 37. Ke4 Rd8 38. c3 bxc3 39. Bxc3 Ra8 40. Kd5 Ke7 41. Kc5 g6 42. Kb5 Rb8+ 43.
Kxa5 Rxb3 44. Bb4+ Kd7 45. Kb5 gxf5 46. gxf5 Rxh3 47.
a5 Kc7 48. a6 Rb3 49. Kc5 Rxb4 50. Kxb4 Kb6 51. Kc4 Kxa6 52. Kd5 h5 53. Ke6 h4 54.
Kxf6 h3 55. Kg7 h2 56. f6 h1=Q 57. f7 Qg2+ 58. Kh8 Qf3 59. Kg8 Qg4+ 60. Kh8 Qf5 61.
Kg8 Qg6+ 62. Kh8 Qf6+ 63. Kg8 Qe6 64. Kg7 Qe7 65. Kg8 Qg5+ 66. Kh8 Qh6+ 67. Kg8 Qg6+ 68. Kh8 Qxf7 1/2-1/2

[Event "Live Chess"]
[Site "Chess.com"]
[Date "2023.05.20"]
[Round "-"]
[White "smoggyrabbit"]
[Black "SupremeTactician"]
[Result "0-1"]
[WhiteElo "1697"]
[BlackElo "2334"]
[TimeControl "300"]
[EndTime "15:56:26 PDT"]
[Termination "SupremeTactician won by resignation"]

1. d4 Nf6 2. Nf3 e6 3. e3 b6 4. Bd3 Bb7 5. O-O Be7 6. b3 O-O 7. Bb2 d6 8. c4 Nbd7 9. Nc3 Re8 10. Qc2 Nf8 11. Ne4 Nxe4 12. Bxe4 Bxe4 13. Qxe4 Qd7 14. d5 e5 15. Nd2 f5 16. Qc2 g6 17. f4 Bf6 18.
Rae1 Qf7 19. Qc3 Nd7 20. Qc2 exf4 21. exf4 Rxe1 22. Rxe1 Re8 23. Rxe8+ Qxe8 24. Nf3 Qe3+ 25. Qf2 Qxf2+ 26. Kxf2 Bxb2 27. Ng5 Nc5 28. Ke3 Bc1+ 29. Kf3 h6 30. Ne6 Nxe6 31. dxe6 Kf8 32. g4 Ke7 33. gxf5 gxf5 34. Kg3 Kxe6 35. Kf3 c6 36. h3 d5 37. cxd5+ Kxd5 38. h4 Kd4 39. h5 Kc3 40. Ke2 Kb2 41. Kd3 Bxf4 0-1

[Event "Live Chess"]
[Site "Chess.com"]
[Date "2023.05.20"]
[Round "-"]
[White "elvenstar"]
[Black "jennybobby44"]
[Result "0-1"]
[WhiteElo "1574"]
[BlackElo "1850"]
[TimeControl "300"]
[EndTime "15:56:43 PDT"]
[Termination "jennybobby44 won by resignation"]

1. e4 c5 2. Nf3 Nc6 3. Bc4 e6 4.
O-O a6 5. d3 d6 6. a4 Nf6 7.
Bg5 Be7 8. Nbd2 h6 9. Bh4 O-O 10.
c3 d5 11. exd5 exd5 12. Bb3 Be6 13. Re1 Na5 14. Bc2 d4 15. Ne4 Nxe4 16. Bxe7 Qxe7 17.
Rxe4 dxc3 18. bxc3 Qf6 19. Qd2 Nc6 20. Rae1 Rad8 21.
Rf4 Qe7 22. Qe3 b6 23. d4 cxd4 24. Nxd4 Nxd4 25. Rxd4 Rxd4 26. cxd4 Qb4 27. Qe4 Bf5 0-1

[Event "Live Chess"]
[Site "Chess.com"]
[Date "2023.05.20"]
[Round "-"]
[White "xx_blindpuffin_xx"]
[Black "HD_IN4k"]
[Result "1-0"]
[WhiteElo "2208"]
[BlackElo "391"]
[TimeControl "300"]
[EndTime "15:56:44 PDT"]
[Termination "xx_blindpuffin_xx won by checkmate"]

1. d4 g6 2. Bf4 Bg7 3. e3 Nf6 4. Nf3 Nh5 5. Bg3 Nxg3 6. hxg3 h5 7. Be2 d5 8. c4 Bg4 9. Qb3 Bxf3 10. Bxf3 c6 11. Qxb7 Nd7 12. Qxc6 Rc8 13. Qxd5 Nf6 14. Qb5+ Nd7 15. Qa4 O-O 16. Nc3 e5 17. O-O exd4 18. exd4 h4 19. gxh4 f5 20. Qa6 Nf6 21. Nd5 Nxd5 22.
Bxd5+ Kh8 23. Qxg6 Bxd4 24. Rae1 Re8 25. Bf7 Rxe1 26.
Qh6# 1-0

[Event "Live Chess"]
[Site "Chess.com"]
[Date "2023.05.20"]
[Round "-"]
[White "Long1968"]
[Black "ZackirtyChess"]
[Result "0-1"]
[WhiteElo "1211"]
[BlackElo "1164"]
[TimeControl "300"]
[EndTime "15:57:10 PDT"]
[Termination "ZackirtyChess won on time"]

1. e4 e5 2. f4 exf4 3. Bc4 Qh4+ 4. Kf1 Bc5 5. d4 Bb6 6. Nf3 Qf6 7. e5 Qf5 8. Bd3 Qe6 9. Bxf4 f6 10. Nbd2 fxe5 11. dxe5 Nc6 12. Nc4 Nge7 13. Ng5 Qd5 14. Nxh7 Qd4 15.
Qe2 Qxb2 16. Re1 Qxa2 17. Nd6+ cxd6 18. exd6 Qe6 19. dxe7 Qxe2+ 20. Rxe2 Nxe7 21. Bg6+ Kd8 22. Bg5 Bc5 23. g3 d6 24. Kg2 Bg4 25. Rxe7 Kc8 0-1

[Event "Live Chess"]
[Site "Chess.com"]
[Date "2023.05.20"]
[Round "-"]
[White "LodeshChess"]
[Black "luckywookie"]
[Result "1-0"]
[WhiteElo "1130"]
[BlackElo "753"]
[TimeControl "300"]
[EndTime "15:57:12 PDT"]
[Termination "LodeshChess won by checkmate"]

1. e4 c6 2. Nf3 d5 3. d3 Bg4 4.
Nc3 e5 5. Be2 Bd6 6. O-O Nf6 7.
h3 Bxf3 8. Bxf3 d4 9. Ne2 O-O 10. Ng3 g6 11. Bh6 Re8 12. Bg4 Nbd7 13. a4 Nxg4 14.
Qxg4 Nf6 15. Qg5 Be7 16. Nf5 Nh5 17. Nxe7+ Rxe7 18. g4 Nf4 19. Qf6 Nxh3+ 20. Kh2 Qf8 21. Bxf8 Kxf8 22. Kxh3 Re6 23. Qh8+ Ke7 24. Qxa8 Rf6 25.
Qxb7+ Ke6 26. Qxc6+ Ke7 27. Qc7+ Ke6 28. Kg3 h6 29.
Ra3 h5 30. gxh5 gxh5 31. Qxa7 Rg6+ 32. Kh4 Rg4+ 33. Kxh5 Rg2 34. Rb3 Kf6 35. Rb6+ Kg7 36. Qb7 Rh2+ 37. Kg4 Rg2+ 38. Kh3 Rg5 39. Qe7 Rh5+ 40.
Kg4 Rh6 41. Rxh6 Kxh6 42. Rh1+ Kg7 43. Qg5+ Kf8 44. Rh8# 1-0

[Event "Live Chess"]
[Site "Chess.com"]
[Date "2023.05.20"]
[Round "-"]
[White "LiamClery2020"]
[Black "IgorSchukin"]
[Result "1-0"]
[WhiteElo "2064"]
[BlackElo "1740"]
[TimeControl "300"]
[EndTime "15:57:23 PDT"]
[Termination "LiamClery2020 won by resignation"]

1. e4 c5 2. Nf3 Nc6 3. Bb5 e6 4. Bxc6 bxc6 5. O-O d5 6. exd5 cxd5 7. Re1 Nf6 8. d4 h6 9. c4 Bb7 10. Nc3 Bd6 11. dxc5 Bxc5 12. cxd5 Nxd5 13. Qa4+ Qd7 14. Qxd7+ Kxd7 15. Ne5+ Ke7 16. Nxd5+ Bxd5 17. Be3 Bxe3 18. fxe3 Rhc8 19. Rac1 Bxa2 20. Nc6+ Kf6 21. Rf1+ Kg6 22. Ne7+ Kh7 23. Rxc8 1-0

[Event "Live Chess"]
[Site "Chess.com"]
[Date "2023.05.20"]
[Round "-"]
[White "karimghalambaz"]
[Black "grillage"]
[Result "0-1"]
[WhiteElo "1281"]
[BlackElo "1858"]
[TimeControl "300"]
[EndTime "15:57:26 PDT"]
[Termination "grillage won by resignation"]

1. d4 Nf6 2. Bf4 e6 3. e3 b6 4. Nf3 Bb7 5. c3 Be7 6. Nbd2 Ne4 7. Bd3 f5 8. O-O O-O 9. Ne5 d6 10. Nef3 Nd7 11. h3 g5 12. Bh2 Qe8 13. Ne1 Kh8 14.
f3 Nef6 15. Rc1 Rg8 16. Bb1 Qh5 17. f4 g4 18. Nd3 Qh4 19. Bg3 Qh6 20. Kf2 gxh3 21.
Rh1 Bxg2 22. Rxh3 Qxh3 23. Nf1 Bxf1 24. Qxf1 Qxg3+ 25. Ke2 Qh2+ 26. Nf2 Rg2 27. Bd3 Ng4 28. Qh1 Rxf2+ 0-1

[Event "Live Chess"]
[Site "Chess.com"]
[Date "2023.05.20"]
[Round "-"]
[White "flyingpuffins"]
[Black "JohanKjeldahl"]
[Result "0-1"]
[WhiteElo "1930"]
[BlackElo "1874"]
[TimeControl "300"]
[EndTime "15:57:30 PDT"]
[Termination "JohanKjeldahl won by resignation"]

1. e4 c5 2. Nf3 e6 3. g3 Nc6 4.
Bg2 a6 5. O-O Nge7 6. c3 d5 7.
e5 g6 8. d4 cxd4 9. cxd4 Bg7 10. Nc3 O-O 11. Bg5 b5 12. a3 Bb7 13. Qd2 f6 14.
Bh6 fxe5 15. Bxg7 Kxg7 16. dxe5 Nf5 17. h4 Qc7 18. Rfe1 Na5 19. Ng5 Rae8 20. h5 Nb3 21. Qd1 Nxa1 22. hxg6 hxg6 23. Qxa1 Qc5 24. Rf1 Nxg3 25.
b4 Qd4 26. Nf3 Qa7 27. Qb1 Nxf1 28. Nh4 Qxf2+ 0-1